 Dungeon Crawl Stone Soup version 0.28-a0-241-gfbb0926a3a (webtiles) character file.

Game seed: 14912200641963761852

228 Malachi the Ducker (level 6, -18/53 HPs)
             Began as a Gnoll Monk on Aug 24, 2021.
             Was a Priest of the Shining One.
             Demolished by an ogre (29 damage)
             ... on level 3 of the Dungeon.
             The game lasted 00:03:56 (2978 turns).

Malachi the Ducker (Gnoll Monk)                     Turns: 2978, Time: 00:03:56

Health: -18/53     AC:  8    Str: 13    XL:     6   Next: 2%
Magic:  8/8        EV:  7    Int:  9    God:    the Shining One [***...]
Gold:   48         SH:  4    Dex: 14    Spells: 8/8 levels left

rFire   . . .      SeeInvis +   h - +0 hand axe (holy)
rCold   . . .      Faith    .   n - +0 buckler
rNeg    + . .      Spirit   .   l - +0 chain mail
rPois   .          Reflect  .   (no helmet)
rElec   .          Harm     .   (no cloak)
rCorr   .          Rampage  .   (no gloves)
Will    .....                   (no boots)
Stlth   ..........              (no amulet)
HPRegen 0.17/turn               e - ring of see invisible
MPRegen 0.11/turn               (no ring)

@: glowing
A: fangs 1, strong nose, distributed training
a: Renounce Religion, Divine Shield


You were on level 3 of the Dungeon.
You worshipped the Shining One.
The Shining One was most pleased with you.
You visited 1 branch of the dungeon, and saw 3 of its levels.

You collected 48 gold pieces.

Inventory:

Hand Weapons
 h - a +0 hand axe of holy wrath (weapon)
Armour
 b - a +0 robe
 l - a +0 chain mail (worn)
 n - a +0 buckler (worn)
Jewellery
 e - a ring of see invisible (left hand)
 g - a ring of wizardry
Wands
 o - a wand of mindburst (9)
Scrolls
 c - a scroll of noise {unknown}
 d - 2 scrolls of amnesia {unknown}
 i - 2 scrolls of teleportation {unknown}
 j - a scroll of silence {unknown}
 k - 3 scrolls of identify {unknown}
Potions
 a - a potion of lignification {unknown}
 f - 3 potions of curing {unknown}
 m - a potion of heal wounds {unknown}
 p - 2 potions of degeneration {unknown}
 q - 2 potions of invisibility {unknown}


   Skills:
 + Level 6.7 Fighting
 + Level 1.7 Short Blades
 + Level 1.7 Long Blades
 + Level 6.7 Axes
 + Level 1.7 Maces & Flails
 + Level 1.7 Polearms
 + Level 1.7 Staves
 + Level 1.7 Slings
 + Level 1.7 Bows
 + Level 1.7 Crossbows
 + Level 1.7 Throwing
 + Level 1.7 Armour
 + Level 6.7 Dodging
 + Level 4.5 Stealth
 + Level 1.7 Shields
 + Level 1.7 Unarmed Combat
 + Level 1.7 Spellcasting
 + Level 1.3 Conjurations
 + Level 1.3 Hexes
 + Level 1.3 Summonings
 + Level 1.3 Necromancy
 + Level 1.3 Translocations
 + Level 1.3 Transmutations
 + Level 1.3 Fire Magic
 + Level 1.3 Ice Magic
 + Level 1.3 Air Magic
 + Level 1.3 Earth Magic
 + Level 1.3 Poison Magic
 + Level 2.0 Invocations
 + Level 1.7 Evocations


You had 8 spell levels left.
You didn't know any spells.
Your spell library contained the following spells:

 Spells                   Type           Power      Damage    Failure   Level
 Beastly Appendage        Tmut           6%         N/A       100%        1
 Slow                     Hex            3%         N/A       100%        2
 Static Discharge         Conj/Air       3%         N/A       100%        2
 Wereblood                Tmut           3%         N/A       100%        2
 Confusing Touch          Hex            3%         N/A       100%        3
 Spider Form              Tmut/Pois      1%         N/A       100%        3
 Stone Arrow              Conj/Erth      6%         3d7       100%        3
 Vampiric Draining        Necr           1%         2d6       100%        3
 Bolt of Magma            Conj/Fire/Erth 1%         4d4       100%        5
 Lightning Bolt           Conj/Air       1%         1d12      100%        5
 Maxwell's Capacitive Co  Air            1%         ∞         100%        8
 Shatter                  Erth           1%         3d6*      100%        9


Dungeon Overview and Level Annotations

Branches:
Dungeon (3/15)

Altars:
The Shining One

Shops:
D:3 =


Innate Abilities, Weirdness & Mutations

You have very sharp teeth.
Your uncanny sense of smell can sniff out nearby items.
Your experience applies equally to all skills.


Message History

No target in view!
No target in view!
No target in view!
No target in view!
No target in view!
No target in view!
No target in view!
No target in view!
Found 2 blue potions.
q - 2 blue potions
Found a scale mail.
An ogre comes into view. It is wielding a +0 giant club.
The ogre shouts!
You hit the ogre but do no damage. You bite the ogre, but do no damage.
You block the ogre's attack.
You hit the ogre.
The ogre is lightly wounded.
You hit the ogre.
The ogre is moderately wounded.
The ogre barely misses you.
You slash the ogre!
The ogre is heavily wounded.
The ogre hits you with a +0 giant club!!
Ouch! That really hurt!
You are too injured to fight recklessly!
You are too injured to fight recklessly!
You are too injured to fight recklessly!
Aiming: Mindburst
Press: ? - help, Shift-Dir - straight line, f - ogre
Aim: an ogre, wielding a +0 giant club (heavily wounded, haloed, chance to affect: 73%)
The ogre struggles to resist.
The ogre hits you with a +0 giant club!
* * * LOW HITPOINT WARNING * * *
Unknown command.
Aiming: Mindburst
Press: ? - help, Shift-Dir - straight line, f/p - ogre
Aim: an ogre, wielding a +0 giant club (heavily wounded, haloed, chance to affect: 73%)
The ogre struggles to resist.
The ogre hits you with a +0 giant club!!
Ouch! That really hurt!
You die...

#.###.##.########
#...............#
#.##..##.######.#
#.#...##.# #.#
.......#.# #.#
#.>..†...# #.#
####.##### #.#
#.# #.#### #.#
#.@O.# ##'##
#.....# ##...##
#.......#
##.....##
#.......#
#.......##
#....[..#
.........#
.........#
.........+
............
.........#
##...#.###.##
#.......##


You could see an ogre.

Vanquished Creatures
  Terence (D:3)
  Natasha (thrice) (D:2)
  Robin (D:3)
  3 adders (D:2)
  3 worms
  2 dart slugs (D:2)
  3 orcs (D:3)
  A bat (D:3)
  4 endoplasms
  4 giant cockroaches
  7 goblins
  13 hobgoblins
  4 jackals (D:2)
  9 kobolds
  4 quokkas
  3 ball pythons
  5 frilled lizards
  5 rats
75 creatures vanquished.

Notes
Turn   | Place    | Note
-------+----------+-------------------------------------------
     0 | D:1      | Malachi the Gnoll Monk began the quest for the Orb.
     0 | D:1      | Reached XP level 1. HP: 23/23 MP: 1/1
   318 | D:1      | You fall into a shaft and drop 1 floor!
   321 | D:2      | Reached XP level 2. HP: 29/29 MP: 2/2
   456 | D:2      | Found a faded altar of an unknown god.
   463 | D:2      | Became a worshipper of the Shining One
   463 | D:2      | Reached * piety under the Shining One
   463 | D:2      | Reached ** piety under the Shining One
   532 | D:2      | Reached XP level 3. HP: 16/35 MP: 2/4
   534 | D:2      | Reached skill level 1 in Invocations
   748 | D:2      | Noticed Natasha
   764 | D:2      | Killed Natasha
   764 | D:2      | Reached *** piety under the Shining One
   765 | D:2      | Reached skill level 1 in Short Blades
   765 | D:2      | Reached skill level 1 in Long Blades
   765 | D:2      | Reached skill level 1 in Maces & Flails
   765 | D:2      | Reached skill level 1 in Polearms
   765 | D:2      | Reached skill level 1 in Staves
   765 | D:2      | Reached skill level 1 in Slings
   765 | D:2      | Reached skill level 1 in Bows
   765 | D:2      | Reached skill level 1 in Crossbows
   765 | D:2      | Reached skill level 1 in Throwing
   765 | D:2      | Reached skill level 1 in Armour
   765 | D:2      | Reached skill level 1 in Shields
   765 | D:2      | Reached skill level 1 in Unarmed Combat
   765 | D:2      | Reached skill level 1 in Spellcasting
   765 | D:2      | Reached skill level 1 in Evocations
   765 | D:2      | Reached XP level 4. HP: 24/41 MP: 5/5
   792 | D:2      | Noticed Natasha
   800 | D:2      | Killed Natasha
   801 | D:2      | Reached skill level 1 in Conjurations
   801 | D:2      | Reached skill level 1 in Hexes
   801 | D:2      | Reached skill level 1 in Summonings
   801 | D:2      | Reached skill level 1 in Necromancy
   801 | D:2      | Reached skill level 1 in Translocations
   801 | D:2      | Reached skill level 1 in Transmutations
   801 | D:2      | Reached skill level 1 in Fire Magic
   801 | D:2      | Reached skill level 1 in Ice Magic
   801 | D:2      | Reached skill level 1 in Air Magic
   801 | D:2      | Reached skill level 1 in Earth Magic
   801 | D:2      | Reached skill level 1 in Poison Magic
   811 | D:2      | Noticed Natasha
   825 | D:2      | Killed Natasha
   826 | D:2      | Reached XP level 5. HP: 28/47 MP: 6/6
  2030 | D:3      | Found Ifak's Jewellery Emporium.
  2173 | D:3      | Noticed Robin
  2212 | D:3      | Killed Robin
  2627 | D:3      | Noticed Terence
  2649 | D:3      | Killed Terence
  2650 | D:3      | Reached XP level 6. HP: 26/53 MP: 8/8
  2978 | D:3      | Demolished by an ogre

Illustrated notes

Levels and vault maps discovered:
D:1:      eino_arrival_water_star, layout_basic, minmay_tiny_reverse_x
D:2:      layout_basic, dreamdust_ecumenical_altar_angels_and_demons,
          uniq_natasha
D:3:      layout_loops_corners, serial_shops, shop, uniq_terence, uniq_purgy,
          uniq_robin

Skill      XL: |  1  2  3  4  5  6 |
---------------+-------------------+-----
Invocations    | 1 2 |  2.0
Short Blades   | 1 |  1.7
Long Blades    | 1 |  1.7
Maces & Flails | 1 |  1.7
Polearms       | 1 |  1.7
Staves         | 1 |  1.7
Slings         | 1 |  1.7
Bows           | 1 |  1.7
Crossbows      | 1 |  1.7
Throwing       | 1 |  1.7
Armour         | 1 |  1.7
Shields        | 1 |  1.7
Unarmed Combat | 1 |  1.7
Spellcasting   | 1 |  1.7
Evocations     | 1 |  1.7
Conjurations   | 1 |  1.3
Hexes          | 1 |  1.3
Summonings     | 1 |  1.3
Necromancy     | 1 |  1.3
Translocations | 1 |  1.3
Transmutations | 1 |  1.3
Fire Magic     | 1 |  1.3
Ice Magic      | 1 |  1.3
Air Magic      | 1 |  1.3
Earth Magic    | 1 |  1.3
Poison Magic   | 1 |  1.3
Fighting       | |  6.7
Axes           | |  6.7
Dodging        | |  6.7
Stealth        | |  4.5

Action                   |  1- 3 |  4- 6 || total
-------------------------+-------+-------++-------
Melee: Hand axe          |    71 |   165 ||   236
       Bite              |     8 |    12 ||    20
       Punch             |       |     1 ||     1
Invok: Divine Shield     |       |     2 ||     2
Evoke: Wand              |       |     4 ||     4
 Stab: Sleeping          |     8 |       ||     8
Armor: Robe              |     3 |     6 ||     9
       Chain mail        |       |    36 ||    36
Dodge: Dodged            |    41 |    70 ||   111
Block: Buckler           |       |    15 ||    15

Table legend: (Time is in decaauts)
 A = Elapsed time spent in this place.
 B = Non-inter-level travel time spent in this place.
 C = Inter-level travel time spent in this place.
 D = Time resting spent in this place.
 E = Time spent auto-exploring this place.
 F = Levels seen in this place.
 G = Mean time per level.
                   A        B        C        D        E       F      G
               +--------+--------+--------+--------+--------+-----+--------+
         Total |   2981 |   2814 |    167 |    213 |   2060 |   3 |  993.7 |
       Dungeon |   2981 |   2814 |    167 |    213 |   2060 |   3 |  993.7 |
               +--------+--------+--------+--------+--------+-----+--------+

Top non-repeatable levels by time:
     D:2: 1175 daAuts
     D:3: 923 daAuts
     D:1: 883 daAuts
